 Dungeon Crawl Stone Soup version 0.22-a0-135-g6f012ad (webtiles) character file.

175 mortelune the Chiller (level 5, -9/35 HPs)
             Began as a Demonspawn Ice Elementalist on Feb 2, 2018.
             Mangled by Duvessa
             ... wielding a +0 short sword
              (15 damage)
             ... on level 4 of the Dungeon.
             The game lasted 00:06:29 (3836 turns).

mortelune the Chiller (Demonspawn Ice Elementalist) Turns: 3836, Time: 00:06:30

Health: -9/35      AC:  3    Str:  8    XL:     5   Next: 29%
Magic:  10/18      EV: 18    Int: 17    God:
Gold:   137        SH:  0    Dex: 19    Spells: 4/10 levels left

rFire    + . .     SeeInvis .   d - +0 hand axe
rCold    . . .     Gourm    .   (no shield)
rNeg     . . .     Faith    .   a - +0 robe
rPois    .         Spirit   .   (helmet restricted)
rElec    .         Reflect  .   (no cloak)
rCorr    .         Harm     .   m - +0 pair of gloves
MR       .....                  (no boots)
Stlth    +++.......             (no amulet)
HPRegen  0.11/turn              g - ring of protection from fire
MPRegen  0.16/turn              p - ring of magical power

@: agile
A: horns 1, powered by pain 1
a: no special abilities


You were on level 4 of the Dungeon.
You were very hungry.

You visited 1 branch of the dungeon, and saw 4 of its levels.

You collected 137 gold pieces.

Inventory:

Hand Weapons
 d - a +0 hand axe (weapon)
Armour
 a - a +0 robe (worn)
 f - a +0 helmet
 k - a +0 helmet
 m - a +0 pair of gloves (worn)
Jewellery
 g - a ring of protection from fire (left hand)
 p - a ring of magical power (right hand)
Scrolls
 h - a scroll of fear
 l - a scroll of remove curse {unknown}
 q - a scroll of immolation {unknown}
 r - a scroll of teleportation
Potions
 e - a potion of degeneration {unknown}
 i - 2 potions of heal wounds {unknown}
 j - a potion of curing {unknown}
 n - a potion of agility {unknown}
 o - 2 potions of mutation {unknown}
 s - a potion of haste {unknown}
 t - a potion of cancellation {unknown}
 u - 2 potions of flight {unknown}
Books
 b - a book of Frost

   Spells                             Type                      Level
   a - Freeze                         Ice                          1
   b - Throw Frost                    Conjuration/Ice              2
   c - Ozocubu's Armour               Charms/Ice                   3
   d - Throw Icicle                   Conjuration/Ice              4
   e - Summon Ice Beast               Ice/Summoning                4
Comestibles
 c - 5 rations


   Skills:
 - Level 2.1 Dodging
 - Level 1.7 Stealth
 + Level 3.1 Spellcasting
 + Level 2.3 Conjurations
 * Level 4.2 Ice Magic


You had 4 spell levels left.
You knew the following spells:

 Your Spells              Type           Power        Failure   Level  Hunger
a - Freeze                Ice            ###.         3%          1    None
b - Throw Frost           Conj/Ice       ##....       7%          2    ##.....
c - Ozocubu's Armour      Chrm/Ice       #.......     22%         3    ###....


Dungeon Overview and Level Annotations

Branches:
Dungeon (4/15)
 Temple: D:4-7

Altars:
Dithmenos

Annotations:
D:4 Duvessa


Innate Abilities, Weirdness & Mutations

You have a pair of small horns on your head.
You sometimes gain a little power by taking damage.


Message History

You freeze Dowan.
You kill Dowan!
Duvessa screams, "No!
How DARE you!"
Duvessa goes berserk!
Your Spellcasting skill increases to level 3!
You have reached level 5!
Duvessa hits you with a short sword!
* * * LOW HITPOINT WARNING * * *
You focus on the pain.
You feel agile all of a sudden. Duvessa closely misses you.
Casting: Freeze (safe; 3% risk of failure)
Confirm with . or Enter, or press ? or * to list all spells.
Aiming: Freeze (safe; 3% risk of failure)
Press: ? - help, Shift-Dir - straight line, f - Duvessa
Aim: Duvessa, wielding a short sword and wearing a ring mail (berserk, fast, unusually strong)
You freeze Duvessa.
Duvessa is lightly wounded.
Duvessa hits you with a short sword!
You die...

#..<# ####+######'##
.............#####
.............#...#
.............'...#
.............#...#
.............#...# .
......)......#...# ..
......e@.....#...# ...
.............#'###....
.##+###'###........#
#...#........#
#...'........#
#...#..[.....#
#...#........#
#...#........#
#...#........#


You could see Duvessa (berserk).

Vanquished Creatures
  Dowan (D:4)
  An orc wizard (D:3)
  3 adders (D:2)
  2 worms
  A dart slug (D:1)
  4 leopard geckos
  3 orcs (D:3)
  4 giant cockroaches
  5 goblins
  2 hobgoblins
  7 jackals (D:1)
  7 kobolds
  A quokka (D:3)
  7 bats
  3 frilled lizards
  8 rats
59 creatures vanquished.

Notes
Turn   | Place    | Note
-------+----------+-------------------------------------------
     0 | D:1      | mortelune the Demonspawn Ice Elementalist began the quest for the Orb.
     0 | D:1      | Reached XP level 1. HP: 13/13 MP: 3/3
   597 | D:1      | Gained mutation: You sometimes gain a little power by taking damage. [demonic ancestry]
   597 | D:1      | Reached XP level 2. HP: 17/19 MP: 0/5
   615 | D:1      | Reached skill level 3 in Ice Magic
   859 | D:1      | Learned a level 2 spell: Throw Frost
  1425 | D:2      | Gained mutation: You have a pair of small horns on your head. [demonic ancestry]
  1425 | D:2      | Reached XP level 3. HP: 23/24 MP: 1/6
  2466 | D:3      | Reached XP level 4. HP: 30/30 MP: 7/7
  2711 | D:3      | Found a shadowy altar of Dithmenos.
  3178 | D:3      | Learned a level 3 spell: Ozocubu's Armour
  3221 | D:3      | Reached skill level 4 in Ice Magic
  3826 | D:4      | Noticed Duvessa
  3826 | D:4      | Noticed Dowan
  3835 | D:4      | Killed Dowan
  3835 | D:4      | Reached XP level 5. HP: 17/35 MP: 9/9
  3836 | D:4      | Mangled by Duvessa

Vault maps used:
D:1:      roderic_chinese_lattice_arrival
D:2:      first_ration, kennysheep_another_room
D:3:      nicolae_dithmenos_shadow_blocks
D:4:      uniq_duvessa, uniq_eustachio

Skill      XL: |  1  2  3  4 |
---------------+-------------+-----
Dodging        | 2 |  2.1
Ice Magic      | 3 4 |  4.2
Conjurations   | 2 |  2.3
Spellcasting   | 3 |  3.1
Stealth        | |  1.7

Action                   |  1- 3 |  4- 6 || total
-------------------------+-------+-------++-------
Melee: Unarmed           |     1 |       ||     1
       Hand axe          |    15 |       ||    15
 Cast: Freeze            |    40 |    37 ||    77
       Throw Frost       |    14 |    19 ||    33
       Ozocubu's Armour  |       |     1 ||     1
  Use: Scroll            |     2 |       ||     2
  Eat: Chunk             |     5 |     5 ||    10
Armor: Robe              |    19 |     7 ||    26
Dodge: Dodged            |    30 |    12 ||    42

Table legend:
 A = Spawn XP
 B = Non-spawn XP
 C = Spawn XP percentage of total XP
 D = Spawn monster count
 E = Non-spawn monster count
 F = Spawn count percentage of total count
 G = Total turns spent on level
                    A         B        C        D         E        F      G
               +---------+---------+-------+---------+---------+-------+---------
         Total |       0 |     250 |   0.0 |       0 |      59 |   0.0 |  3836
               +---------+---------+-------+---------+---------+-------+---------
           D:1 |       0 |      28 |   0.0 |       0 |      16 |   0.0 |  1219
           D:2 |       0 |      60 |   0.0 |       0 |      14 |   0.0 |  1140
           D:3 |       0 |      94 |   0.0 |       0 |      27 |   0.0 |  1434
           D:4 |       0 |      68 |   0.0 |       0 |       2 |   0.0 |    43
               +---------+---------+-------+---------+---------+-------+---------
